 Dungeon Crawl Stone Soup version 0.22.1-5-g62c59d919a (webtiles) character file.

277 NochnoyZador the Cutter (level 6, -2/39 HPs)
             Began as an Octopode Assassin on Jan 12, 2019.
             Slain by an orc
             ... wielding a +0 flail
              (8 damage)
             ... on level 4 of the Dungeon.
             The game lasted 00:10:20 (3198 turns).

NochnoyZador the Cutter (Octopode Assassin)         Turns: 3198, Time: 00:10:20

Health: -2/39      AC:  1    Str: 12    XL:     6   Next: 26%
Magic:  6/6        EV: 12    Int: 14    God:
Gold:   129        SH:  3    Dex: 13    Spells: 5/5 levels left

rFire    . . .     SeeInvis .   a - +2 dagger
rCold    . . .     Gourm    .   l - +0 buckler
rNeg     . . .     Faith    .   (helmet restricted)
rPois    .         Spirit   .   (no amulet)
rElec    .         Reflect  .   (no ring)
rCorr    .         Harm     .   (no ring)
MR       .....                  (no ring)
Stlth    ++++......             (no ring)
HPRegen  0.13/turn              (no ring)
MPRegen  0.10/turn              (no ring)
                                (no ring)
                                (no ring)

@: lethally poisoned (-2 -> -6)
A: almost no armour, stealthy swim, amphibious, 8 rings, constrict 8, camouflage
1, gelatinous body 1
a: no special abilities


You were on level 4 of the Dungeon.
You were not hungry.

You visited 1 branch of the dungeon, and saw 4 of its levels.

You collected 129 gold pieces.

Inventory:

Hand Weapons
 a - a +2 dagger (weapon)
 b - a +0 blowgun
 r - a +2 dagger of venom
Missiles
 c - 8 poisoned needles
 d - 2 curare-tipped needles
 h - 3 needles of sleeping
 i - 133 stones (quivered)
 k - 52 sling bullets
Armour
 l - a +0 buckler (worn)
Jewellery
 p - a +5 ring of dexterity {unknown}
Scrolls
 e - 4 scrolls of identify {unknown}
 j - a scroll of magic mapping {unknown}
 m - a scroll of amnesia {unknown}
 n - 2 scrolls of enchant weapon {unknown}
 q - a scroll of teleportation {unknown}
 s - 2 scrolls of fear {unknown}
 t - 3 scrolls of enchant armour {unknown}
 w - 2 scrolls of fog {unknown}
Potions
 g - 5 potions of resistance {unknown}
 o - a potion of cancellation {unknown}
 v - a potion of agility {unknown}
 x - a potion of magic {unknown}
Comestibles
 f - 4 rations
 u - 5 chunks of flesh


   Skills:
 - Level 2.0 Fighting
 * Level 6.4 Short Blades
 - Level 2.0 Throwing
 - Level 1.0 Dodging
 - Level 5.3 Stealth


You had 5 spell levels left.
You didn't know any spells.
Your spell library contained the following spells:

 Spells                   Type           Power        Failure   Level  Hunger
 Summon Small Mammal      Summ           #...         43%         1    ##.....
 Call Imp                 Summ           #.......     58%         2    ###....
 Call Canine Familiar     Summ           #.......     82%         3    ####...
 Summon Guardian Golem    Hex/Summ       #.......     82%         3    ####...
 Summon Ice Beast         Ice/Summ       #.......     99%         4    #####..
 Summon Lightning Spire   Summ/Air       #.......     99%         4    #####..


Dungeon Overview and Level Annotations

Branches:
Dungeon (4/15)
 Temple: D:4-7

Altars:
Ru
Vehumet


Innate Abilities, Weirdness & Mutations

You cannot wear most types of armour.
You are very stealthy in the water. (Stealth+)
You are amphibious.
You can wear up to eight rings at the same time.
You can use your tentacles to constrict eight enemies at once.
Your skin changes colour to match your surroundings (Stealth+).
Your rubbery body absorbs attacks. (AC +1, EV +1)


Message History

The worker ant is severely wounded.
You constrict the worker ant. The worker ant misses you.
The orc closely misses you.
You hit the worker ant.
The worker ant is almost dead.
You constrict the worker ant, but do no damage.
You feel sick. The worker ant misses you. The orc closely misses you.
You hit the worker ant.
You kill the worker ant!
You hit the orc. Your grab misses the orc.
The orc is almost dead.
The orc hits you with a flail!
* * * LOW HITPOINT WARNING * * *
You hit the orc.
You kill the orc!
You feel sick.
You hit the orc. Your grab misses the orc.
The orc is lightly wounded.
The orc hits you with a flail!
You die...

.. ..#. ..##.#.
....... .......##
.........
........#
......o)# #
#@#####.#
#.......#
#.##.#####
#.##.....#
#########(##.....#
#.......#.##.....+
#.......#........#
#.......#####....#
#.......# #....+


You could see an orc.

Vanquished Creatures
  An ogre (D:3)
  An orc priest (D:4)
  An orc wizard (D:2)
  A worker ant (D:4)
  2 adders (D:3)
  2 worms (D:2)
  5 dart slugs
  A leopard gecko (D:3)
  7 orcs
  12 bats
  3 giant cockroaches
  5 goblins
  10 hobgoblins
  2 quokkas
  2 ball pythons (D:4)
  6 frilled lizards
  9 kobolds
  10 rats
80 creatures vanquished.

Notes
Turn   | Place    | Note
-------+----------+-------------------------------------------
     0 | D:1      | NochnoyZador the Octopode Assassin began the quest for the
                  | Orb.
     0 | D:1      | Reached XP level 1. HP: 14/14 MP: 1/1
   173 | D:1      | Reached XP level 2. HP: 19/19 MP: 2/2
   243 | D:1      | Reached skill level 3 in Short Blades
   437 | D:1      | Reached XP level 3. HP: 24/24 MP: 3/3
  1219 | D:2      | Found a radiant altar of Vehumet.
  1273 | D:2      | Reached skill level 4 in Short Blades
  1551 | D:2      | Found a sacrificial altar of Ru.
  1556 | D:2      | Reached XP level 4. HP: 29/29 MP: 4/4
  2257 | D:3      | Reached skill level 5 in Short Blades
  2260 | D:3      | Reached XP level 5. HP: 28/34 MP: 5/5
  2950 | D:4      | Noticed an ogre
  2963 | D:3      | Killed an ogre
  3086 | D:4      | Reached skill level 6 in Short Blades
  3182 | D:4      | Reached XP level 6. HP: 34/39 MP: 6/6
  3198 | D:4      | Slain by an orc

Skill      XL: |  1  2  3  4  5 |
---------------+----------------+-----
Short Blades   | 3 4 5 6 |  6.4
Fighting       | |  2.0
Throwing       | |  2.0
Dodging        | |  1.0
Stealth        | |  5.3

Action                   |  1- 3 |  4- 6 || total
-------------------------+-------+-------++-------
Melee: Dagger            |    67 |   105 ||   172
       Constrict         |     7 |    20 ||    27
       Tentacles         |     3 |     9 ||    12
 Stab: Sleeping          |    26 |     4 ||    30
       Distracted        |     1 |     1 ||     2
       Invisible         |       |     1 ||     1
       Paralysed         |       |     1 ||     1
  Eat: Chunk             |     2 |     5 ||     7
Armor: Skin              |     1 |     4 ||     5
Dodge: Dodged            |    21 |    40 ||    61
Block: Buckler           |     2 |     8 ||    10
